 Dungeon Sprint DCSS version 0.29-a0-512-gf59ac788ac (webtiles) character file.

Game seed: 15173659465179402204

50166 mhtbhm the Wrestler (level 14, -1/164 HPs)
             Began as a Troll Transmuter on May 29, 2022.
             Was an Initiate of Gozag.
             Slain by a vampire knight
             ... wielding a +0 war axe
              (6 damage)
             ... in the Dungeon (Sprint IX: "|||||||||||||||||||||||||||||").
             The game lasted 00:14:38 (4297 turns).

mhtbhm the Wrestler (Troll Transmuter)              Turns: 4297, Time: 00:14:39

Health: -1/164     AC:  8    Str: 28    XL:     14   Next: 18%
Magic:  27/28      EV: 21    Int: 11    God:    Gozag
Gold:   5937       SH:  0    Dex: 10    Spells: 25/35 levels left

rFire   x . .      SeeInvis .     - Unarmed
rCold   + + +      Faith    .   (shield currently unavailable)
rNeg    . . .      Spirit   .   (body armour currently unavailable)
rPois   +          Reflect  .   (helmet currently unavailable)
rElec   .          Harm     .   (cloak currently unavailable)
rCorr   .          Rampage  .   (gloves unavailable)
Will    +....      NoTele   +   (boots unavailable)
Stlth   ++........              C - amulet of Gyucw {Acrobat Fly Str+2}
HPRegen 1.17/turn               l - +3 ring of strength
MPRegen 0.21/turn               D - ring of the Hare {EV+8}

@: ice-form, wereblooded, gold aura, flying
A: freezing attack, amphibious, boosted hp, large, unfitting armour, (claws 3),
regeneration 1, (shaggy fur 1), (tough skin 1)
a: End Transformation, Renounce Religion, Potion Petition, Call Merchant, Bribe
Branch


You were in the Dungeon.
You worshipped Gozag.
Gozag was greatly pleased with you.
You were a creature of crystalline ice.
You visited 1 branch You collected 16259 gold pieces.
You spent 4826 gold pieces at shops.
You paid 5496 gold pieces to Gozag.

Inventory:

Missiles
 E - 6 silver javelins
 F - 6 large rocks (quivered)
Armour
 a - a +2 robe of willpower (melded)
 u - a +2 cloak of willpower (melded)
 y - +0 storm dragon scales
 z - +0 acid dragon scales
 A - a +2 troll leather armour
Jewellery
 h - a ring of willpower
 l - a +3 ring of strength (left front paw)
 v - a ring of poison resistance
 w - a ring of fire
 x - a ring of protection from cold
 C - the amulet of Gyucw (around neck) {Acrobat Fly Str+2}
   (You bought it in a shop in the Dungeon)

   [amulet of the acrobat]

   It increases your evasion while moving and waiting.
   Str:       It affects your strength (+2).
   Fly:       It grants you flight.
 D - the ring of the Hare (right front paw) {EV+8}
   (You bought it in a shop in the Dungeon)

   [ring of evasion]

   EV:        It affects your evasion (+8).
Wands
 k - a wand of acid (4)
Scrolls
 j - 3 scrolls of amnesia
 m - a scroll of blinking
 q - 3 scrolls of fog
 r - 4 scrolls of enchant weapon
 s - 2 scrolls of enchant armour
 t - 4 scrolls of identify
 B - 3 scrolls of immolation
Potions
 b - a potion of lignification
 c - 8 potions of curing
 d - 5 potions of heal wounds
 e - 3 potions of mutation
 f - 4 potions of magic
 g - a potion of haste
 i - a potion of invisibility
 n - a potion of might
 o - 2 potions of attraction
 H - a potion of flight {unknown}
Miscellaneous
 p - a box of beasts
 G - a condenser vane (inert)


   Skills:
 + Level 8.9 Fighting
 + Level 12.1 Dodging
 + Level 3.9 Stealth
 + Level 25.9 Unarmed Combat
 + Level 11.3 Spellcasting
 + Level 11.7 Transmutations
 + Level 6.5 Ice Magic
 + Level 0.5 Poison Magic
 + Level 4.5 Evocations


You had 25 spell levels left.
You knew the following spells:

 Your Spells              Type           Power      Damage    Failure   Level
a - Beastly Appendage     Tmut           62%        N/A       1%          1
b - Wereblood             Tmut           31%        N/A       1%          2
c - Spider Form           Tmut/Pois      19%        N/A       2%          3
d - Ice Form              Ice/Tmut       26%        N/A       2%          4

Your spell library contained the following spells:

 Spells                   Type           Power      Damage    Failure   Level


Dungeon Overview and Level Annotations

Branches:
Dungeon (1/1)

Altars:
Cheibriados
Dithmenos
Elyvilon
Fedhas
Gozag
Hepliaklqana
Kikubaaqudgha
Makhleb
Nemelex Xobeh
Okawaru
Qazlal
Ru
Sif Muna
Trog
Uskayaw
Vehumet
Wu Jian
Xom
Yredelemnul
Zin
The Shining One
Beogh
Jiyva
Lugonu

Shops:
D *=*?([[:


Innate Abilities, Weirdness & Mutations

You are a creature of crystalline ice.
You have a powerful freezing melee attack.
You are amphibious.
Your maximum health is increased.
Your armour is entirely melded.
You are incapable of wielding weapons or throwing items.
You are too large for most types of armour.
((You have claws for hands.))
Your natural rate of healing is unusually fast.
((You are covered in fur. (AC +1)))
((You have tough skin. (AC +1)))


Message History

The spark wasp is engulfed in poison gas.
The spark wasp looks as sick as possible!
The green very ugly thing is distracted by your dazzling golden aura.
A red very ugly thing comes into view.
The spriggan air mage is engulfed in poison gas.
The spriggan air mage is poisoned.
The frost giant shouts!
The green very ugly thing gurgles horribly!
You can move again.
Unknown command.
You feel much better.
The red very ugly thing gurgles horribly!
The frost giant is no longer distracted by gold.
The vampire knight hits you with a +0 war axe!!
The vampire knight completely misses you.
The frost giant is engulfed in poison gas.
The frost giant looks as sick as possible!
The spark wasp is engulfed in poison gas.
The spark wasp looks as sick as possible!
The spriggan air mage is engulfed in poison gas.
The spriggan air mage looks even sicker.
The vampire knight hits you with a +0 war axe!!
* * * LOW HITPOINT WARNING * * *
The vampire knight bites you.
* * * LOW HITPOINT WARNING * * *
The vampire knight draws strength from your injuries!
The red very ugly thing is distracted by your dazzling golden aura.
The red very ugly thing gurgles horribly!
You hit the vampire knight but do no damage.
The spark wasp is engulfed in poison gas.
The spark wasp looks as sick as possible!
The spriggan air mage is engulfed in poison gas.
The spriggan air mage looks even sicker.
The frost giant is engulfed in poison gas.
The frost giant looks as sick as possible!
The vampire knight hits you with a +0 war axe!
* * * LOW HITPOINT WARNING * * *
The vampire knight bites you.
You die...
Your body crumbles into a pile of gold.

......'.....)))))))).[[.[[[[.....
▓▓▓▓▓▓▓▓▓▓▓▓▓▓▓▓▓▓▓▓▓▓▓▓▓▓▓▓▓▓▓▓▓
...................).............
▓▓▓▓▓▓▓▓▓▓▓▓♣♣♣♣♣♣♣♣♣♣▓▓▓▓▓▓▓▓▓▓▓
...........['.........'....).)..'
▓▓▓▓▓▓▓▓▓▓▓▓♣♣♣♣♣♣♣♣♣♣▓▓▓▓▓▓▓▓▓▓▓
........)....∩...................
▓▓▓▓▓▓▓▓▓▓▓▓▓▓▓▓▓▓▓▓▓▓▓▓▓▓▓▓▓▓▓▓▓
.............$$$YVCuDyiu,,,,,,,,,
▓▓▓▓▓▓▓▓▓▓▓▓▓▓▓▓▓▓▓▓▓▓▓▓*********
,,,,,,,,,,,,,,,,,,,,,,,,,,,,,,,,,
*********************************
,,,,,,,,,+,,,,,,,,,,,,,,,,,,,,,,,
*********************************
,,,,,,,,,,,,,,,,,,,,,,,,,,,,,,,,,
*********************************
,,,,+,,,,,,,,,,,,,+,,,,,,,,,,,,,+


You could see a frost giant (extremely poisoned), 2 very ugly things, an ice
dragon, a vampire knight (fast), a spark wasp (extremely poisoned) and a
spriggan air mage (repels missiles, very poisoned).

Vanquished Creatures
  Gastronok (D)
  Donald (D)
  2 frost giants (D)
  A nagaraja (D)
  An emperor scorpion (D)
  A very ugly thing (D)
  An eleionoma (D)
  Azrael (D)
  An entropy weaver (D)
  2 merfolk javelineers (D)
  4 ettins (D)
  A fire dragon (D)
  Erolcha (D)
  A rakshasa (D)
  3 hydras (D)
  2 ice dragons (D)
  Erica (D)
  A centaur warrior (D)
  An alligator (D)
  4 ogre magi (D)
  A two-headed ogre (D)
  A deep troll shaman (D)
  2 tengu warriors (D)
  Nergalle (D)
  A shock serpent (D)
  2 pharaoh ants (D)
  A salamander mystic (D)
  A skeletal warrior (D)
  A steelbarb worm (D)
  4 deep trolls (D)
  A spriggan druid (D)
  2 swamp dragons (D)
  An orb spider (D)
  A wizard (D)
  5 orc knights (D)
  A deep elf pyromancer (D)
  2 lindwurms (D)
  An ugly thing (D)
  A cyclops (D)
  2 orc sorcerers (D)
  A will-o-the-wisp (D)
  4 manticores (D)
  A wolf spider (D)
  A salamander (D)
  Maurice (D)
  6 black mambas (D)
  A naga mage (D)
  2 cane toads (D)
  A torpor snail (D)
  Psyche (D)
  4 komodo dragons (D)
  A tengu conjurer (D)
  A rime drake (D)
  4 trolls (D)
  2 tyrant leeches (D)
  A meliai (D)
  A polar bear (D)
  2 snapping turtles (D)
  A culicivora (D)
  2 wyverns (D)
  A water elemental (D)
  Eustachio (D)
  3 fire elementals (D)
  3 yaks (D)
  A naga (D)
  An acid dragon (D)
  2 water moccasins (D)
  A water moccasin (shapeshifter) (D)
  A hell hound (D)
  A floating eye (D)
  6 orc warriors (D)
  A wolf (D)
  An ogre (D)
  2 centaurs (D)
  A bullfrog (D)
  6 orc priests (D)
  An iguana (D)
  2 orc wizards (D)
  2 adders (D)
  4 worms (D)
  7 orcs (D)
  2 ball pythons (D)
  A bat (D)
  A quokka (D)
  A rat (D)
154 creatures vanquished.

Vanquished Creatures (others)
  A bloated husk (D)
  A foxfire (D)
2 creatures vanquished.

Grand Total: 156 creatures vanquished

Notes
Turn   | Place    | Note
-------+----------+-------------------------------------------
     0 | D        | mhtbhm the Troll Transmuter began the quest for the Orb.
     0 | D        | Reached XP level 1. HP: 18/18 MP: 1/1
    10 | D        | Banished a spatial maelstrom
    18 | D        | Reached skill level 4 in Unarmed Combat
    31 | D        | Noticed an iguana
    31 | D        | Noticed an ogre
    33 | D        | Reached XP level 2. HP: 26/26 MP: 1/3
    46 | D        | Reached skill level 5 in Unarmed Combat
    46 | D        | Reached XP level 3. HP: 32/32 MP: 1/5
    57 | D        | Killed an ogre
    58 | D        | Reached skill level 7 in Unarmed Combat
    58 | D        | Reached XP level 4. HP: 32/40 MP: 2/7
   109 | D        | Found a snail-covered altar of Cheibriados.
   109 | D        | Found a shadowy altar of Dithmenos.
   109 | D        | Found a white marble altar of Elyvilon.
   109 | D        | Found a blossoming altar of Fedhas.
   109 | D        | Found an opulent altar of Gozag.
   110 | D        | Found a hazy altar of Hepliaklqana.
   111 | D        | Found a viscous altar of Jiyva.
   112 | D        | Found an ancient bone altar of Kikubaaqudgha.
   113 | D        | Found a corrupted altar of Lugonu.
   114 | D        | Found a burning altar of Makhleb.
   115 | D        | Found a sparkling altar of Nemelex Xobeh.
   116 | D        | Found an iron altar of Okawaru.
   117 | D        | Found a stormy altar of Qazlal.
   118 | D        | Found a sacrificial altar of Ru.
   119 | D        | Found a shimmering blue altar of Sif Muna.
   120 | D        | Found a bloodstained altar of Trog.
   121 | D        | Found a hide-covered altar of Uskayaw.
   122 | D        | Found a radiant altar of Vehumet.
   123 | D        | Found an ornate altar of the Wu Jian Council.
   124 | D        | Found a shimmering altar of Xom.
   133 | D        | Became a worshipper of Gozag Ym Sagoz the Greedy
   142 | D        | Found a basalt altar of Yredelemnul.
   143 | D        | Found a glowing silver altar of Zin.
   144 | D        | Found a glowing golden altar of the Shining One.
   173 | D        | Learned a level 2 spell: Wereblood
   177 | D        | Learned a level 3 spell: Spider Form
   177 | D        | Noticed a centaur
   177 | D        | Noticed a yak
   177 | D        | Noticed a wyvern
   177 | D        | Noticed a centaur
   177 | D        | Noticed a troll
   184 | D        | Killed a centaur
   185 | D        | Reached skill level 1 in Fighting
   185 | D        | Reached skill level 8 in Unarmed Combat
   185 | D        | Reached XP level 5. HP: 25/48 MP: 4/8
   188 | D        | Killed a yak
   189 | D        | Reached skill level 5 in Dodging
   189 | D        | Reached skill level 10 in Unarmed Combat
   189 | D        | Reached XP level 6. HP: 39/55 MP: 5/10
   195 | D        | Killed a wyvern
   195 | D        | Killed a troll
   196 | D        | Reached skill level 12 in Unarmed Combat
   196 | D        | Reached XP level 7. HP: 29/65 MP: 5/12
   286 | D        | Learned a level 4 spell: Ice Form
   290 | D        | Noticed a six-headed hydra
   290 | D        | Noticed a tengu warrior
   290 | D        | Noticed a skeletal warrior
   290 | D        | Noticed a two-headed ogre
   295 | D        | Killed a six-headed hydra
   296 | D        | Reached skill level 13 in Unarmed Combat
   296 | D        | Reached skill level 5 in Spellcasting
   296 | D        | Reached skill level 5 in Transmutations
   296 | D        | Reached skill level 1 in Evocations
   296 | D        | Reached XP level 8. HP: 39/74 MP: 6/14
   309 | D        | Killed a tengu warrior
   310 | D        | Reached XP level 9. HP: 27/83 MP: 8/16
   312 | D        | Reached skill level 14 in Unarmed Combat
   312 | D        | Reached skill level 1 in Ice Magic
   417 | D        | Killed a skeletal warrior
   491 | D        | Killed a two-headed ogre
   492 | D        | Reached skill level 15 in Unarmed Combat
   716 | D        | Noticed a cane toad
   716 | D        | Noticed a komodo dragon
   716 | D        | Noticed a black mamba
   720 | D        | Killed a cane toad
   720 | D        | Noticed a komodo dragon
   722 | D        | Noticed a komodo dragon
   725 | D        | Killed a komodo dragon
   726 | D        | Reached XP level 10. HP: 94/94 MP: 12/18
   732 | D        | Killed a black mamba
   734 | D        | Reached skill level 5 in Fighting
   806 | D        | Reached skill level 1 in Stealth
   806 | D        | Reached skill level 16 in Unarmed Combat
   817 | D        | Noticed a black mamba
   817 | D        | Noticed a black mamba
   823 | D        | Killed a black mamba
   823 | D        | Noticed a cane toad
   824 | D        | Killed a black mamba
   843 | D        | Killed a cane toad
   877 | D        | Noticed a lindwurm
   877 | D        | Noticed a lindwurm
   888 | D        | Reached skill level 17 in Unarmed Combat
   890 | D        | Killed a lindwurm
   891 | D        | Reached XP level 11. HP: 70/105 MP: 12/20
  1152 | D        | Killed a lindwurm
  1275 | D        | Noticed Eustachio
  1288 | D        | Killed Eustachio
  1318 | D        | Noticed Gastronok
  1331 | D        | Killed Gastronok
  1361 | D        | Noticed an orc sorcerer
  1371 | D        | Killed an orc sorcerer
  1372 | D        | Reached skill level 18 in Unarmed Combat
  1439 | D        | Noticed an orc knight
  1440 | D        | Noticed an orc knight
  1442 | D        | Noticed an orc sorcerer
  1444 | D        | Noticed an orc knight
  1643 | D        | Killed an orc knight
  1671 | D        | Killed an orc sorcerer
  1677 | D        | Killed an orc knight
  1695 | D        | Killed an orc knight
  1820 | D        | Noticed an orc knight
  1830 | D        | Killed an orc knight
  1831 | D        | Reached skill level 19 in Unarmed Combat
  2025 | D        | Found Qaxtah's Weapon Emporium.
  2025 | D        | Noticed a deep troll
  2025 | D        | Noticed an ettin
  2025 | D        | Noticed an ogre mage
  2025 | D        | Noticed an ogre mage
  2029 | D        | Noticed a deep troll
  2030 | D        | Killed a deep troll
  2036 | D        | Reached skill level 10 in Dodging
  2039 | D        | Killed an ettin
  2041 | D        | Killed an ogre mage
  2042 | D        | Found Qeodi's Antique Armour Shoppe.
  2045 | D        | Killed an ogre mage
  2046 | D        | Reached XP level 12. HP: 115/115 MP: 23/23
  2052 | D        | Found Uregiff's Antique Armour Emporium.
  2052 | D        | Noticed an ogre mage
  2062 | D        | Noticed an ettin
  2063 | D        | Found Viblog's Book Shoppe.
  2065 | D        | Killed an ogre mage
  2066 | D        | Reached skill level 20 in Unarmed Combat
  2078 | D        | Killed an ettin
  2084 | D        | Noticed an ogre mage
  2099 | D        | Killed an ogre mage
  2222 | D        | Bought a runed robe for 77 gold pieces
  2251 | D        | Noticed Erolcha
  2257 | D        | Noticed Psyche
  2261 | D        | Killed Erolcha
  2262 | D        | Reached skill level 5 in Ice Magic
  2263 | D        | Noticed Erica
  2264 | D        | Noticed Maurice
  2267 | D        | Killed Psyche
  2270 | D        | Killed Erica
  2271 | D        | Reached skill level 21 in Unarmed Combat
  2277 | D        | Killed Maurice
  2460 | D        | Bought a +2 troll leather armour for 405 gold pieces
  2460 | D        | Bought a potion of curing for 45 gold pieces
  2460 | D        | Bought a potion of heal wounds for 75 gold pieces
  2460 | D        | Bought a scroll of immolation for 52 gold pieces
  2460 | D        | Bought a scroll of immolation for 52 gold pieces
  2462 | D        | Bought the amulet of Gyucw {Acrobat Fly Str+2} for 476 gold
                  | pieces
  2467 | D        | Bought the ring of the Hare {EV+8} for 1408 gold pieces
  2467 | D        | Found the ring of the Hare {EV+8}
  2475 | D        | Bought a scroll of blinking for 127 gold pieces
  2475 | D        | Bought a scroll of amnesia for 59 gold pieces
  2475 | D        | Bought a scroll of magic mapping for 59 gold pieces
  2475 | D        | Bought a scroll of immolation for 59 gold pieces
  2485 | D        | Noticed a centaur warrior
  2488 | D        | Reached skill level 10 in Transmutations
  2495 | D        | Noticed an ice dragon
  2499 | D        | Noticed an ettin
  2499 | D        | Noticed a fire dragon
  2500 | D        | Noticed a tengu warrior
  2502 | D        | Killed a centaur warrior
  2669 | D        | Noticed an ice dragon
  2671 | D        | Killed an ice dragon
  2672 | D        | Reached skill level 22 in Unarmed Combat
  2675 | D        | Killed an ettin
  2679 | D        | Noticed a frost giant
  2684 | D        | Killed a fire dragon
  2689 | D        | Noticed a frost giant
  2691 | D        | Killed a tengu warrior
  2953 | D        | Killed an ice dragon
  2954 | D        | Reached XP level 13. HP: 125/127 MP: 21/25
  2960 | D        | Killed a frost giant
  2971 | D        | Killed a frost giant
  3121 | D        | Noticed Azrael
  3131 | D        | Killed Azrael
  3132 | D        | Reached skill level 23 in Unarmed Combat
  3132 | D        | Reached skill level 10 in Spellcasting
  3208 | D        | Noticed an eleionoma
  3220 | D        | Killed an eleionoma
  3488 | D        | Noticed a merfolk javelineer
  3495 | D        | Noticed a merfolk javelineer
  3508 | D        | Reached skill level 24 in Unarmed Combat
  3510 | D        | Killed a merfolk javelineer
  3519 | D        | Killed a merfolk javelineer
  3703 | D        | Noticed an entropy weaver
  3706 | D        | Killed an entropy weaver
  3822 | D        | Noticed a nagaraja
  3828 | D        | Killed a nagaraja
  3832 | D        | Reached skill level 25 in Unarmed Combat
  3952 | D        | Noticed Donald
  3955 | D        | Bought a box of beasts for 760 gold pieces
  3955 | D        | Bought a condenser vane for 760 gold pieces
  3955 | D        | Bought a scroll of fog for 38 gold pieces
  3955 | D        | Bought a scroll of identify for 38 gold pieces
  3961 | D        | Bought a +2 robe of willpower for 336 gold pieces
  3971 | D        | Noticed Nergalle
  3982 | D        | Killed Donald
  3983 | D        | Reached XP level 14. HP: 56/137 MP: 22/27
  3983 | D        | Killed Nergalle
  4001 | D        | Noticed an emperor scorpion
  4179 | D        | Killed an emperor scorpion
  4264 | D        | Noticed a white very ugly thing
  4264 | D        | Noticed a vampire knight
  4277 | D        | Killed a white very ugly thing
  4278 | D        | Noticed a frost giant
  4278 | D        | Noticed a green very ugly thing
  4292 | D        | Paralysed by a vampire knight for 3 turns
  4295 | D        | Noticed a red very ugly thing
  4297 | D        | HP: 5/164 [vampire knight/+0 war axe (16)]
  4297 | D        | Slain by a vampire knight

Illustrated notes

Levels and vault maps discovered:
D:        linesprint [early_d, line_temple, items_1, d_10, items_2, lair_1,
          lair_end, items_3, orc_1, orc_end, items_4, d_15, swamp_1, shoals_1,
          snake_1, spider_1, d_20, vaults_1, items_5, swamp_end, shoals_end,
          snake_end, spider_end, vaults_end, d_27, items_6, zot_1, zot_end,
          crypt_end, forest_end, elf_end, slime_end, tomb_end, abyss_end,
          pan_hell_end]

Skill      XL: |  1  2  3  4  5  6  7  8  9 10 11 12 13 14 |
---------------+-------------------------------------------+-----
Unarmed Combat | 4 5 7 8 10 12 13 15 17 19 22 25 | 25.9
Dodging        | 2 3 4 5 6 7 8 9 10 11 12 | 12.1
Spellcasting   | 2 3 4 5 6 7 8 9 10 11 | 11.3
Transmutations | 2 3 4 5 6 8 9 10 11 | 11.7
Fighting       | 1 2 3 4 5 6 7 8 |  8.9
Evocations     | 1 2 3 4 |  4.5
Ice Magic      | 2 3 4 5 6 |  6.5
Stealth        | 2 3 |  3.9
Poison Magic   | |  0.5

Action                   |  1- 3 |  4- 6 |  7- 9 | 10-12 | 13-15 || total
-------------------------+-------+-------+-------+-------+-------++-------
Melee: Unarmed           |    39 |    10 |    42 |   249 |   141 ||   481
       Headbutt          |     1 |     1 |       |     8 |     7 ||    17
       Punch             |     1 |       |       |     4 |     1 ||     6
       Kick              |     1 |     4 |       |    12 |     9 ||    26
 Cast: Beastly Appendage |     2 |     1 |       |     4 |     2 ||     9
       Wereblood         |       |     1 |     4 |    16 |     8 ||    29
       Ice Form          |       |       |     4 |    14 |     7 ||    25
       Spider Form       |       |       |       |     2 |       ||     2
Invok: Potion Petition   |       |       |       |     5 |       ||     5
       Call Merchant     |       |       |       |     3 |     1 ||     4
Evoke: Wand              |       |     4 |       |     1 |    10 ||    15
       Condenser vane    |       |       |       |       |     2 ||     2
  Use: Potion            |       |     1 |     3 |     2 |     2 ||     8
       Scroll            |       |       |     1 |     3 |       ||     4
 Stab: Distracted        |       |       |       |     4 |       ||     4
Armor: Robe              |    11 |     4 |       |     3 |     5 ||    23
       Skin              |       |       |     7 |    12 |     8 ||    27
Dodge: Dodged            |    18 |    12 |    29 |   101 |    87 ||   247

Table legend: (Time is in decaauts)
 A = Elapsed time spent in this place.
 B = Non-inter-level travel time spent in this place.
 C = Inter-level travel time spent in this place.
 D = Time resting spent in this place.
 E = Time spent auto-exploring this place.
 F = Levels seen in this place.
 G = Mean time per level.
                   A        B        C        D        E       F      G
               +--------+--------+--------+--------+--------+-----+--------+
         Total |   4153 |   4153 |      0 |   1923 |    652 |   1 | 4153.0 |
       Dungeon |   4153 |   4153 |      0 |   1923 |    652 |   1 | 4153.0 |
               +--------+--------+--------+--------+--------+-----+--------+

Top non-repeatable levels by time:
       D: 4153 daAuts
